 Dungeon Crawl Stone Soup version 0.23.1 (webtiles) character file.

Game seed: 10183690737201833726

12284 Kairos the Covert (level 11, -1/56 HPs)
             Began as a Vine Stalker Fighter on Mar 10, 2019.
             Was an Elder of Uskayaw.
             Slain by a death yak (8 damage)
             ... on level 10 of the Dungeon.
             The game lasted 00:27:40 (11747 turns).

Kairos the Covert (Vine Stalker Fighter)           Turns: 11747, Time: 00:27:41

Health: -1/56      AC: 15    Str: 22    XL:     11   Next: 91%
Magic:  0/14       EV: 11    Int:  8    God:    Uskayaw [****..]
Gold:   786        SH: 11    Dex: 17    Spells: 6/10 levels left

rFire    . . .     SeeInvis +   I - +2 dagger (speed)
rCold    + . .     Gourm    .   c - +0 shield
rNeg     + . .     Faith    .   Q - +4 ring mail "Iroe" {rN+ SInv}
rPois    .         Spirit   +   p - +0 helmet
rElec    .         Reflect  .   l - +0 cloak (curse)
rCorr    .         Harm     .   P - +1 pair of gloves {Str+3}
MR       +....                  (no boots)
Stlth    ++++++....             (no amulet)
HPRegen  0.58/turn              k - ring of protection from cold
MPRegen  0.14/turn              n - ring of stealth

@: about to teleport, studying Armour
A: fangs 3, regeneration 1, magic shield, antimagic bite, no potion heal 3, rot
immunity
a: Stomp, Line Pass, Renounce Religion


You were on level 10 of the Dungeon.
You worshipped Uskayaw.
Uskayaw was noncommittal.
You were not hungry.

You visited 2 branches of the dungeon, and saw 12 of its levels.
You also visited: Sewer and Bailey.

You collected 786 gold pieces.

Inventory:

Hand Weapons
 x - a +0 short sword of speed
 E - the +4 dagger "Hodgh" {antimagic, Int+3}
   (You found it on level 6 of the Dungeon)

   It reduces the magical energy of the wielder, and disrupts the spells and
   magical abilities of those hit.
   Natural abilities and divine invocations are not affected.
   It affects your intelligence (+3).
 I - a +2 dagger of speed (weapon)
 L - a cursed +5 short sword of freezing
 N - a +1 dagger of draining
 O - a +0 trident
Missiles
 C - 2 javelins (quivered)
 F - 3 tomahawks
 G - 6 tomahawks of returning
Armour
 c - a +0 shield (worn)
 l - a cursed +0 cloak (worn)
 p - a +0 helmet (worn)
 z - the +9 plate armour "Xiutrigg" {rElec rC+ rN+}
   (You found it in a bailey)

   It protects you from cold.
   It insulates you from electricity.
   It protects you from negative energy.
 P - a +1 pair of gloves of strength (worn)
 Q - the +4 ring mail "Iroe" (worn) {rN+ SInv}
   (You found it on level 9 of the Dungeon)

   It protects you from negative energy.
   It lets you see invisible.
 S - a +1 chain mail of poison resistance
Jewellery
 k - a ring of protection from cold (left hand)
 n - a ring of stealth (right hand)
Wands
 b - a wand of digging (4)
 h - a wand of enslavement (13)
 i - a wand of paralysis (8)
 u - a wand of iceblast (21)
 y - a wand of random effects (66)
 A - a wand of polymorph (18)
 H - a wand of flame (30)
Scrolls
 a - a scroll of silence
 g - 2 scrolls of identify
 o - a scroll of noise
 q - 4 scrolls of remove curse
 r - 6 scrolls of teleportation
 t - 2 scrolls of blinking
 J - 2 scrolls of fog
 K - 3 scrolls of amnesia
 U - 2 scrolls of enchant weapon
Potions
 e - a potion of brilliance {unknown}
 m - 2 potions of lignification
 s - 2 potions of flight
 w - 2 potions of invisibility {unknown}
 B - a potion of haste {unknown}
 D - a potion of curing
 M - a potion of berserk rage {unknown}
 R - a potion of ambrosia {unknown}
Books
 d - a manual of Armour
Miscellaneous
 T - a lamp of fire
Comestibles
 f - 19 rations


   Skills:
 + Level 5.2 Fighting
 * Level 9.5 Short Blades
 + Level 0.9 Throwing
 * Level 8.2 Armour
 + Level 3.0 Dodging
 * Level 12.1 Stealth
 + Level 7.1 Shields
 * Level 3.4 Invocations


You had 6 spell levels left.
You knew the following spells:

 Your Spells              Type           Power        Failure   Level  Hunger
a - Confusing Touch       Hex            #.....       87%         1    ##.....
b - Dazzling Spray        Conj/Hex       #.....       99%         3    ####...

Your spell library contained the following spells:

 Spells                   Type           Power        Failure   Level  Hunger
 Corona                   Hex            #......      87%         1    ##.....
 Sting                    Conj/Pois      #...         87%         1    ##.....
 Ensorcelled Hibernation  Hex/Ice        #.....       95%         2    ###....
 Poisonous Vapours        Pois/Air       #.....       95%         2    ###....
 Confuse                  Hex            #.......     99%         3    ####...
 Gell's Gravitas          Tloc           #.........   99%         3    ####...
 Mephitic Cloud           Conj/Pois/Air  #.......     99%         3    ####...
 Tukima's Dance           Hex            #.......     99%         3    ####...
 Olgreb's Toxic Radiance  Pois           #.......     100%        4    #####..
 Petrify                  Tmut/Erth      #.......     100%        4    #####..
 Irradiate                Conj/Tmut      #.........   100%        5    ######.
 Metabolic Englaciation   Hex/Ice        #.........   100%        5    ######.
 Venom Bolt               Conj/Pois      #.........   100%        5    ######.
 Yara's Violent Unravell  Hex/Tmut       #.........   100%        5    ######.
 Hydra Form               Tmut           #.........   100%        6    #######
 Statue Form              Tmut/Erth      #........    100%        6    #######
 Dragon Form              Tmut           #.........   100%        7    #######


Dungeon Overview and Level Annotations

Branches:
Dungeon (11/15)            Temple (1/1) D:6            Lair (0/6) D:11
    Orc: D:9-12

Altars:
Ashenzari
Cheibriados
Dithmenos
Elyvilon
Fedhas
Gozag
Hepliaklqana
Kikubaaqudgha
Makhleb
Nemelex Xobeh
Okawaru
Qazlal
Ru
Sif Muna
Trog
Uskayaw
Vehumet
Wu Jian
Xom
Yredelemnul
Zin
The Shining One

Shops:
D:6 %   D:7 %   D:11 :

Annotations:
D:10 exclusion: obsidian statue


Innate Abilities, Weirdness & Mutations

You have razor-sharp teeth.
Your natural rate of healing is unusually fast.
When hurt, damage is shared between your health and your magic reserves.
Your bite disrupts and absorbs the magic of your enemies.
Potions cannot restore your health.
You are immune to rotting.


Message History

You are too injured to fight recklessly!
You hit the death yak.
You bite the death yak, but do no damage.
The death yak is heavily wounded.
The death yak gores you!
* * * LOW HITPOINT WARNING * * *
Things that are here:
a +0 leather armour; a +0 club
There is a stone staircase leading up here.
The death yak gores you!!
* * * LOW HITPOINT WARNING * * *
The death yak gores you but does no damage.
You can no longer merge with and destroy a victim.
You climb upwards.
Level annotation: exclusion: obsidian statue
There is a stone staircase leading down here.
As you read the scroll of teleportation, it crumbles to dust.
You feel strangely unstable. You block the death yak's attack.
The death yak gores you!
You die...

##############################
.>...........................#
#[.#..#...#..#..#...#........#
................#............#
.####..........Y.............#
.#..#..........Y@...#......#.#
.#†.#.#......#......#.####.#.#
.#.)#.................#..#...#
###'########'#####....'..#...#
...>..........# #..#.#..#...#
#####'########## #..#.#..#...#
#......####....# #....####...#
#....#.#..#.##.# #...........#
#......#.##....# #..#..##....#


You could see 2 death yaks.

Vanquished Creatures
  2 two-headed ogres
  A death yak (D:10)
  Nergalle (D:10)
  An orc knight (Bailey)
  An ugly thing (D:7)
  A cyclops (D:7)
  Prince Ribbit (D:5)
  A troll (D:9)
  A hippogriff (D:9)
  6 yaks
  A vampire (D:11)
  A wraith (D:10)
  Eustachio (D:4)
  A hungry ghost (D:8)
  Duvessa (D:5)
  Purgy (Sewer)
  A hornet zombie (D:9)
  5 sky beasts
  10 orc warriors
  A black bear (D:7)
  An ice beast (D:6)
  An eye of draining (D:11)
  A necrophage (D:6)
  6 ogres
  2 phantoms
  5 centaurs
  A big kobold (D:9)
  Blork the orc (D:4)
  2 bullfrogs
  Dowan (D:5)
  6 scorpions
  4 killer bees (D:10)
  12 wights
  A howler monkey (D:7)
  2 centaur zombies
  3 crimson imps
  A bullfrog zombie (D:8)
  3 quasits
  8 hounds
  6 jellies
  A centaur skeleton (D:4)
  5 orc priests
  A gnoll shaman (D:6)
  13 orc wizards
  A bullfrog skeleton (D:6)
  4 iguanas
  5 worker ants
  A killer bee zombie (D:9)
  A hound zombie (D:6)
  6 gnolls
  10 adders
  A river rat (D:3)
  2 shadow imps
  2 adder skeletons
  3 leopard geckos
  49 orcs
  4 bats
  3 giant cockroaches
  8 goblins
  5 hobgoblins
  6 jackals
  5 quokkas
  2 ball pythons
  15 frilled lizards
  8 kobolds
  2 leopard gecko skeletons (D:5)
  11 rats
  2 bushes (D:4)
282 creatures vanquished.

Notes
Turn   | Place    | Note
-------+----------+-------------------------------------------
     0 | D:1      | Kairos the Vine Stalker Fighter began the quest for the
                  | Orb.
     0 | D:1      | Reached XP level 1. HP: 11/11 MP: 2/2
   124 | D:1      | Reached XP level 2. HP: 11/16 MP: 3/3
   397 | D:1      | Reached XP level 3. HP: 17/20 MP: 4/4
  1965 | D:3      | Gained mutation: Your natural rate of healing is unusually
                  | fast. [Vine Stalker growth]
  1965 | D:3      | Reached XP level 4. HP: 24/24 MP: 5/5
  2031 | D:3      | Reached skill level 1 in Stealth
  2122 | D:3      | Reached XP level 5. HP: 28/28 MP: 6/6
  2152 | D:3      | Found a glowing drain.
  2192 | Sewer    | Entered a sewer
  2243 | Sewer    | Noticed Purgy
  2268 | Sewer    | Killed Purgy
  2268 | Sewer    | Reached XP level 6. HP: 16/32 MP: 7/7
  2912 | D:4      | Noticed Eustachio
  2927 | D:4      | Reached skill level 2 in Stealth
  3160 | D:4      | Killed Eustachio
  3160 | D:4      | Reached XP level 7. HP: 34/36 MP: 6/8
  3215 | D:4      | Noticed Blork the orc
  3222 | D:4      | Killed Blork the orc
  3659 | D:5      | Entered Level 5 of the Dungeon
  3698 | D:5      | Noticed Duvessa
  3698 | D:5      | Noticed Dowan
  3719 | D:5      | Killed Duvessa
  3719 | D:5      | Reached skill level 3 in Stealth
  3738 | D:5      | Killed Dowan
  3738 | D:5      | Reached skill level 1 in Dodging
  3834 | D:5      | Learned a level 1 spell: Confusing Touch
  3851 | D:5      | Reached skill level 4 in Stealth
  3892 | D:5      | Reached skill level 5 in Short Blades
  3922 | D:5      | Gained mutation: You have razor-sharp teeth. [Vine Stalker
                  | growth]
  3922 | D:5      | Reached XP level 8. HP: 40/40 MP: 9/9
  3981 | D:5      | Noticed Prince Ribbit
  4000 | D:5      | Killed Prince Ribbit
  4023 | D:5      | Noticed a vampire
  4386 | D:6      | Got a polished dagger
  4387 | D:6      | Identified the +4 dagger "Hodgh" {antimagic, Int+3} (You
                  | found it on level 6 of the Dungeon)
  4561 | D:6      | Found a staircase to the Ecumenical Temple.
  4575 | Temple   | Entered the Ecumenical Temple
  4676 | Temple   | Became a worshipper of Uskayaw the Reveler
  4720 | D:6      | Reached * piety under Uskayaw
  4725 | D:6      | Reached ** piety under Uskayaw
  4809 | D:6      | Reached skill level 5 in Stealth
  4809 | D:6      | Reached *** piety under Uskayaw
  4815 | D:6      | Reached **** piety under Uskayaw
  5420 | D:6      | Reached XP level 9. HP: 19/45 MP: 6/10
  5525 | D:5      | Reached skill level 5 in Shields
  5652 | D:6      | Reached skill level 5 in Armour
  5812 | D:6      | Reached skill level 6 in Stealth
  5812 | D:6      | Reached ***** piety under Uskayaw
  5929 | D:6      | Found Faba's Food Shop.
  6326 | D:7      | Noticed a cyclops
  6345 | D:7      | Killed a cyclops
  6345 | D:7      | Reached skill level 7 in Stealth
  6370 | D:7      | Reached XP level 10. HP: 49/51 MP: 11/11
  6381 | D:7      | Found a sacrificial altar of Ru.
  6636 | D:7      | Found Iluaphal's Food Shoppe.
  6752 | D:7      | Found a sparkling altar of Nemelex Xobeh.
  6754 | D:7      | Noticed a white ugly thing
  6776 | D:7      | Killed a white ugly thing
  6776 | D:7      | Reached skill level 8 in Stealth
  7445 | D:8      | Reached skill level 9 in Stealth
  7848 | D:9      | Found a flagged portal.
  7873 | Bailey   | Entered a bailey
  8082 | Bailey   | Noticed an orc knight
  8251 | Bailey   | Got an ancient plate armour
  8267 | Bailey   | Identified the +9 plate armour "Xiutrigg" {rElec rC+ rN+}
                  | (You found it in a bailey)
  8289 | Bailey   | Noticed an orc knight
  8319 | Bailey   | Killed an orc knight
  8319 | Bailey   | Reached skill level 10 in Stealth
  8757 | D:9      | Found a bloodstained altar of Trog.
  8932 | D:9      | Reached skill level 1 in Invocations
  8949 | D:9      | Got a polished ring mail
  8960 | D:9      | Identified the +4 ring mail "Iroe" {rN+ SInv} (You found it
                  | on level 9 of the Dungeon)
  9016 | D:9      | Reached XP level 11. HP: 54/54 MP: 12/12
  9557 | D:10     | Entered Level 10 of the Dungeon
  9641 | D:10     | Learned a level 3 spell: Dazzling Spray
  9753 | D:10     | Reached skill level 5 in Fighting
  9866 | D:10     | Noticed Nergalle
  9867 | D:10     | Noticed a two-headed ogre
  9875 | D:10     | Reached ****** piety under Uskayaw
  9883 | D:10     | Killed a two-headed ogre
  9883 | D:10     | Reached skill level 11 in Stealth
  9932 | D:10     | Killed Nergalle
 10111 | D:10     | Noticed an obsidian statue
 10822 | D:10     | Noticed a sun demon
 11385 | D:11     | Found Zirobb's Book Shop.
 11387 | D:11     | Noticed a two-headed ogre
 11396 | D:11     | Killed a two-headed ogre
 11600 | D:11     | Reached skill level 12 in Stealth
 11651 | D:11     | Noticed a death yak
 11651 | D:11     | Noticed a death yak
 11653 | D:11     | Found a staircase to the Lair.
 11653 | D:11     | Noticed a death yak
 11720 | D:10     | Killed a death yak
 11747 | D:10     | Slain by a death yak

Skill      XL: |  1  2  3  4  5  6  7  8  9 10 11 |
---------------+----------------------------------+-----
Fighting       | 3 4 5 |  5.2
Short Blades   | 2 3 4 5 6 8 9 |  9.5
Shields        | 3 4 5 6 7 |  7.1
Armour         | 3 4 5 7 8 |  8.2
Stealth        | 1 2 4 5 7 10 12 | 12.1
Dodging        | 1 2 3 |  3.0
Invocations    | 1 3 |  3.4
Throwing       | |  0.9

Action                   |  1- 3 |  4- 6 |  7- 9 | 10-12 || total
-------------------------+-------+-------+-------+-------++-------
Melee: Rapier            |   100 |   164 |   193 |       ||   457
       Bite              |    23 |    56 |   282 |   354 ||   715
       Short sword       |       |       |   172 |       ||   172
       Dagger            |       |       |   292 |   767 ||  1059
Throw: Tomahawk          |       |       |     4 |       ||     4
       Javelin           |       |       |     3 |     1 ||     4
Invok: Stomp             |       |       |       |     1 ||     1
  Use: Scroll            |     1 |     5 |     1 |    12 ||    19
       Potion            |       |     2 |     1 |     1 ||     4
 Stab: Sleeping          |       |     1 |     4 |    17 ||    22
       Paralysed         |       |       |    11 |    27 ||    38
       Distracted        |       |       |       |     4 ||     4
  Eat: Chunk             |     3 |     4 |    11 |     5 ||    23
       Ration            |       |       |       |     5 ||     5
Armor: Scale mail        |    45 |   124 |   106 |    39 ||   314
       Plate armour      |       |       |       |    24 ||    24
       Ring mail         |       |       |       |    69 ||    69
Dodge: Dodged            |    31 |    61 |    89 |   157 ||   338
Block: Shield            |    51 |    97 |   136 |   236 ||   520
